 Dungeon Crawl Stone Soup version 0.26.1-10-gdfb7c7de75 (webtiles) character file.

Game seed: 5112294368113348690

111 phalm the Ruffian (level 4, 0/40 HPs)
             Began as a Ghoul Monk on Apr 3, 2021.
             Slain by a worker ant (4 damage)
             ... on level 6 of the Dungeon.
             The game lasted 00:04:51 (2955 turns).

phalm the Ruffian (Ghoul Monk)                      Turns: 2955, Time: 00:04:51

Health: 0/40       AC:  4    Str: 15    XL:     4   Next: 92%
Magic:  3/3        EV: 12    Int:  5    God:
Gold:   140        SH:  0    Dex: 11    Spells: 3/3 levels left

rFire    + . .     SeeInvis .     - Unarmed
rCold    . . .     Faith    .   (no shield)
rNeg     + + +     Spirit   .   c - +0 leather armour
rPois    ∞         Reflect  .   j - +0 helmet
rElec    .         Harm     .   (no cloak)
rCorr    .         Rampage  .   (no gloves)
Will     .....                  (no boots)
Stlth    ++........             (no amulet)
HPRegen  0.00/turn              (no ring)
MPRegen  0.08/turn              e - ring of fire

@: no status effects
A: claws 1, cold resistance 1, negative energy resistance 3, inhibited
regeneration, torment resistance, unbreathing
a: no special abilities


You were on level 6 of the Dungeon.
You visited 1 branch of the dungeon, and saw 5 of its levels.

You collected 140 gold pieces.

Inventory:

Armour
 c - a +0 leather armour (worn)
 j - a +0 helmet (worn)
Jewellery
 e - a ring of fire (right claw)
Scrolls
 a - a scroll of remove curse
 b - 2 scrolls of amnesia {unknown}
 f - 5 scrolls of teleportation
 h - a scroll of enchant armour {unknown}
 i - a scroll of magic mapping {unknown}
 p - a scroll of identify {unknown}
 r - a scroll of torment {unknown}
Potions
 d - 2 potions of flight {unknown}
 g - a potion of lignification {unknown}
 k - 5 potions of heal wounds {unknown}
 l - a potion of curing {unknown}
 m - a potion of attraction {unknown}
 n - a potion of haste {unknown}
 o - a potion of magic {unknown}
 q - a potion of mutation {unknown}


   Skills:
 + Level 3.9 Fighting
 + Level 1.5 Armour
 + Level 3.2 Dodging
 - Level 2.4 Stealth
 * Level 4.5 Unarmed Combat


You had 3 spell levels left.
You didn't know any spells.
Your spell library was empty.

Dungeon Overview and Level Annotations

Branches:
Dungeon (6/15)
 Temple: D:4-7

Altars:
Dithmenos


Innate Abilities, Weirdness & Mutations

You thrive by killing the living.
You are immune to poison.
You have sharp fingernails.
Your flesh is cold resistant. (rC+)
You are immune to negative energy. (rN+++)
You do not regenerate when monsters are visible.
You are immune to unholy pain and torment.
You can survive without breathing.


Message History

The worker ant bites you.
* * * LOW HITPOINT WARNING * * *
Found a stone staircase leading down.
Found a robe.
The worker ant bites you but does no damage.
Found a black potion.
There is a stone staircase leading down here.
The worker ant closely misses you.
You climb downwards.
An adder comes into view.
Found 6 gold pieces.
There is a stone staircase leading up here.
You scratch the worker ant.
The worker ant is severely wounded.
The worker ant barely misses you. The worker ant bites you.
* * * LOW HITPOINT WARNING * * *
You scratch the worker ant but do no damage.
The worker ant is severely wounded.
The worker ant bites you.
You die...

....... .#
#...... ..#
#...... ##..#
#.#.... .$..#
#...... .....#
..#.S..##...#
............#
#....B@#...###
#.....##.....#
.........!..:.#
..............#
#.............#
#.##..........#
# .##...##..<.#
..!....#.#..#
#.....O.#..#####


You could see a worker ant and an adder.

Vanquished Creatures
  Terence (D:2)
  2 adders
  A shadow imp (D:5)
  4 worms
  A dart slug (D:1)
  2 leopard geckos
  4 orcs
  6 giant cockroaches
  5 hobgoblins
  3 bats
  A frilled lizard (D:2)
  3 goblins
  4 kobolds (D:1)
  5 rats
42 creatures vanquished.

Notes
Turn   | Place    | Note
-------+----------+-------------------------------------------
     0 | D:1      | phalm the Ghoul Monk began the quest for the Orb.
     0 | D:1      | Reached XP level 1. HP: 19/19 MP: 0/0
   124 | D:1      | Reached XP level 2. HP: 9/26 MP: 1/1
   792 | D:2      | Reached XP level 3. HP: 27/31 MP: 2/2
   875 | D:2      | Noticed Terence
   890 | D:2      | Killed Terence
   891 | D:2      | Reached skill level 1 in Armour
   891 | D:2      | Reached skill level 4 in Unarmed Combat
   891 | D:2      | Reached XP level 4. HP: 26/40 MP: 3/3
  2811 | D:3      | Found a shadowy altar of Dithmenos.
  2882 | D:3      | You fall into a shaft and drop 3 floors!
  2883 | D:6      | Noticed an ogre
  2891 | D:5      | Entered Level 5 of the Dungeon
  2955 | D:6      | Slain by a worker ant

Illustrated notes

Levels and vault maps discovered:
D:1:      wander_arrival_lonely_grave, layout_rooms, hex_tiny,
          minmay_misc_feat_four_crosses
D:2:      layout_basic, lemuel_old_faithful, uniq_terence
D:3:      layout_basic, grunt_temple_overflow_open,
          grunt_dithmenos_smoke_and_mirrors
D:5:      layout_rooms, minmay_temple_entry_ruins, serial_shops, shop
D:6:      minmay_opposing_rooms, layout_cave_pools, serial_shops,
          kennysheep_mini, kennysheep_dice

Skill      XL: |  1  2  3 |
---------------+----------+-----
Dodging        | 3 |  3.2
Armour         | 1 |  1.5
Unarmed Combat | 4 |  4.5
Fighting       | |  3.9
Stealth        | |  2.4

Action                   |  1- 3 |  4- 6 || total
-------------------------+-------+-------++-------
Melee: Unarmed           |    77 |    88 ||   165
       Punch             |     2 |     4 ||     6
  Use: Scroll            |       |     2 ||     2
 Stab: Sleeping          |       |     1 ||     1
Armor: Leather armour    |    11 |    17 ||    28
Dodge: Dodged            |    39 |    49 ||    88
